 Dungeon Crawl Stone Soup version 0.22.1-2-g9c5b331383 (webtiles) character file.

382 Marnok the Charlatan (level 6, -3/52 HPs)
             Began as a Deep Dwarf Artificer on Nov 24, 2018.
             Shot with an arrow by a centaur (10 damage)
             ... on level 5 of the Dungeon.
             The game lasted 00:17:57 (2056 turns).

Marnok the Charlatan (Deep Dwarf Artificer)         Turns: 2056, Time: 00:17:58

Health: -3/52      AC:  5    Str: 16    XL:     6   Next: 47%
Magic:  9/9        EV:  8    Int: 13    God:
Gold:   89         SH:  0    Dex: 17    Spells: 5/5 levels left

rFire    . . .     SeeInvis .   n - +1 whip (venom)
rCold    . . .     Gourm    .   (no shield)
rNeg     . . .     Faith    .   i - +0 chain mail
rPois    .         Spirit   .   (no helmet)
rElec    .         Reflect  .   (no cloak)
rCorr    .         Harm     .   (no gloves)
MR       .....                  (no boots)
Stlth    ..........             (no amulet)
HPRegen  0.00/turn              (no ring)
MPRegen  0.11/turn              (no ring)

@: non-regenerating
A: damage resistance, heal wounds, hooves 1, thin skeletal structure 1, agile 1,
deformed body, sense surroundings 1, no regeneration
a: Heal Wounds


You were on level 5 of the Dungeon.
You were not hungry.

You visited 1 branch of the dungeon, and saw 5 of its levels.

You collected 89 gold pieces.

Inventory:

Hand Weapons
 a - a +0 short sword
 h - a +1 dagger of venom
 j - a +2 dagger of pain
 n - a +1 whip of venom (weapon)
Missiles
 k - 23 sling bullets
 s - 2 tomahawks (quivered)
Armour
 b - a +0 leather armour
 i - a +0 chain mail (worn)
 o - a +0 helmet
Jewellery
 m - a +1 ring of evasion {unknown}
 r - an uncursed ring of ice {unknown}
Wands
 c - a wand of flame (14)
 d - a wand of enslavement (15)
 e - a wand of random effects (15)
Scrolls
 g - a scroll of remove curse
 l - 2 scrolls of identify
 p - a scroll of magic mapping
 u - a scroll of teleportation
Potions
 q - a potion of resistance
Comestibles
 f - 4 rations


   Skills:
 + Level 2.3 Fighting
 + Level 2.2 Short Blades
 + Level 3.0 Maces & Flails
 + Level 3.2 Armour
 + Level 2.6 Dodging
 + Level 1.9 Stealth
 + Level 5.3 Evocations


You had 5 spell levels left.
You didn't know any spells.
Your spell library was empty.

Dungeon Overview and Level Annotations

Branches:
Dungeon (5/15)
 Temple: D:4-7

Altars:

Annotations:
D:3 Natasha


Innate Abilities, Weirdness & Mutations

You are resistant to damage.
You can heal yourself by infusing magical energy.
You passively map a small area around you.
You do not regenerate.
You have large cloven feet.
You have a somewhat thin skeletal structure. (Dex +2, Stealth)
You are agile. (Dex +2)
Armour fits poorly on your strangely shaped body.


Message History

Something hits you but does no damage.
You see here a tomahawk.
You completely miss something.
Reactivating autopickup.
Your Maces & Flails skill increases to level 3!
You feel a bit more experienced.
The jackal bites you but does no damage.
The jackal bites you.
* * * LOW HITPOINT WARNING * * *
It was a potion of mutation.
You feel extremely strange.
Your bones become slightly less dense.
Your body twists and deforms.
You feel agile.
Your feet thicken and deform.
You feel less confused.
The jackal bites you but does no damage. x2
The jackal closely misses you.
There is a stone staircase leading down here.
The jackal barely misses you.
The jackal bites you but does no damage.
You climb downwards.
The centaur shoots an arrow.
The arrow hits you!
You die...

, * ...*, ,
..# , ,,..#* ,
.. , .#,# * *
. ##.#.#.#
...$###......#
** ,
.......@h....#
######.......#
, * ###....).#
* , .....c..#
* ,, #...!..#
, *###?h....#
, #........# ,
#...<$.# 8
,#####..#


You could see a centaur, a hound and a jackal.

Vanquished Creatures
  An ogre (D:4)
  2 orc priests
  3 orc wizards
  Robin (D:3)
  A howler monkey skeleton (D:4)
  5 adders
  An ooze (D:3)
  2 dart slugs
  A leopard gecko (D:3)
  16 orcs
  2 giant cockroaches (D:1)
  7 hobgoblins
  A jackal (D:4)
  5 kobolds
  3 quokkas
  A ball python (D:1)
  4 bats
  5 frilled lizards
  12 goblins
  6 rats
79 creatures vanquished.

Notes
Turn   | Place    | Note
-------+----------+-------------------------------------------
     0 | D:1      | Marnok the Deep Dwarf Artificer began the quest for the
                  | Orb.
     0 | D:1      | Reached XP level 1. HP: 16/16 MP: 3/3
   224 | D:1      | Reached XP level 2. HP: 24/24 MP: 5/5
   281 | D:1      | Reached skill level 1 in Short Blades
   318 | D:1      | Reached skill level 1 in Fighting
   414 | D:1      | Reached skill level 5 in Evocations
   721 | D:2      | Reached XP level 3. HP: 31/31 MP: 6/6
   765 | D:2      | Reached skill level 1 in Armour
  1341 | D:3      | Reached XP level 4. HP: 26/38 MP: 7/7
  1545 | D:3      | Reached XP level 5. HP: 28/44 MP: 8/8
  1554 | D:3      | Reached skill level 1 in Maces & Flails
  1621 | D:3      | Noticed Robin
  1636 | D:3      | Killed Robin
  1778 | D:3      | Noticed Natasha
  1897 | D:5      | Entered Level 5 of the Dungeon
  1897 | D:5      | Noticed a centaur
  1971 | D:4      | Noticed an ogre
  1977 | D:4      | Killed an ogre
  1977 | D:4      | Reached XP level 6. HP: 42/52 MP: 9/9
  2052 | D:4      | Gained mutation: You have a somewhat thin skeletal
                  | structure. (Dex +2, Stealth) [potion of mutation]
  2052 | D:4      | Gained mutation: Armour fits poorly on your strangely
                  | shaped body. [potion of mutation]
  2052 | D:4      | Gained mutation: You are agile. (Dex +2) [potion of
                  | mutation]
  2052 | D:4      | Gained mutation: You have large cloven feet. [potion of
                  | mutation]
  2056 | D:5      | Shot with an arrow by a centaur

Skill      XL: |  1  2  3  4  5  6 |
---------------+-------------------+-----
Short Blades   | 1 2 |  2.2
Fighting       | 1 2 |  2.3
Evocations     | 5 |  5.3
Armour         | 1 2 3 |  3.2
Maces & Flails | 2 3 |  3.0
Dodging        | |  2.6
Stealth        | |  1.9

Action                   |  1- 3 |  4- 6 || total
-------------------------+-------+-------++-------
Melee: Short sword       |   130 |       ||   130
       Whip              |    24 |   156 ||   180
Throw: Tomahawk          |       |     2 ||     2
 Abil: Heal Wounds       |       |     2 ||     2
Evoke: Wand              |       |     1 ||     1
  Use: Scroll            |     5 |     2 ||     7
       Potion            |     1 |     1 ||     2
 Stab: Sleeping          |     1 |       ||     1
  Eat: Ration            |     1 |       ||     1
       Chunk             |       |     1 ||     1
Armor: Chain mail        |    72 |   102 ||   174
       Leather armour    |     2 |       ||     2
Dodge: Dodged            |    63 |    58 ||   121
